[Event "*** Titled Tuesday Blitz"]
[Site "Chess.com"]
[Date "2020.11.03"]
[Round "11"]
[White "pavelalexandru07"]
[Black "Lady_Nika"]
[Result "1-0"]
[WhiteElo "2323"]
[BlackElo "2406"]
[TimeControl "180+1"]
[EndTime "12:10:59 PST"]
[Termination "pavelalexandru07 won by checkmate"]

1. e4 e6 2. d4 d5 3. Nc3 Nf6 4. Bg5 Be7 5. e5 Nfd7 6. h4 h6 7. Be3 c5 8. Qg4 g6 9. Nf3 Nc6 10. O-O-O cxd4 11. Bxd4 Nxd4 12. Qxd4 Bc5 13. Qd2 a6 14. Bd3 b5 15. Qf4 Qa5 16. Kb1 b4 17.
Ne2 Bb7 18. Ned4 Rf8 19. Rhe1 O-O-O 20. Qxh6 Nb6 21. Nb3 Qa4 22. Nxc5 Qc6 23. Nxb7 Kxb7 24. Nd4 Qc5 25. Qe3 Rc8 26. Nb3 Qc7 27. f4 Rfd8 28.
g4 Rd7 29. h5 Na4 30. hxg6 fxg6 31. Bxg6 a5 32. Bd3 Nxb2 33. Kxb2 a4 34. Nc5+ Ka8 35. Nxd7 Qc3+ 36. Kb1 b3 37. Nb6+ Kb8 38. Nxc8 d4 39. Qc1 bxa2+ 40. Kxa2 Kxc8 41. Qb2 Qc5 42. Be4 Qc4+ 43.
Ka1 a3 44. Qxa3 Qb5 45. Qb2 Kc7 46. Qxb5 d3 47. Rxd3 Kc8 48. Rc3+ Kd8 49. Rc8+ Ke7 50. Qe8# 1-0

[Event "*** Titled Tuesday Blitz"]
[Site "Chess.com"]
[Date "2020.11.03"]
[Round "11"]
[White "ClydeHillKid"]
[Black "gumimis"]
[Result "1-0"]
[WhiteElo "2358"]
[BlackElo "2241"]
[TimeControl "180+1"]
[EndTime "12:10:59 PST"]
[Termination "ClydeHillKid won by checkmate"]

1. e4 c5 2. Nf3 d6 3. d4 cxd4 4.
Nxd4 Nf6 5. Nc3 a6 6. Bd3 e5 7. Nde2 Be7 8. O-O O-O 9. Ng3 g6 10. Nd5 Nxd5 11. exd5 f5 12. c4 Nd7 13. f4 e4 14. Bc2 Bf6 15. Rb1 b5 16. b3 Bb7 17.
Be3 Qa5 18. a4 bxa4 19. bxa4 Rab8 20. Ba7 Nc5 21. Bxb8 Rxb8 22. Ne2 Re8 23. Nd4 Qc3 24.
Ne6 Qxc4 25. Rb6 Bxd5 26. Nc7 Bd4+ 27. Kh1 Re7 28. Rb8+ Kg7 29. Rb4 Qxb4 30. Nxd5 Qc4 31. Nxe7 e3 32. Re1 Ne4 33. Bxe4 fxe4 34. Nc6 Bc5 35.
Na5 Qd3 36. Nb3 Qc4 37. Nxc5 Qxc5 38. Qa1+ Kh6 39. Qc1 Qb4 40. Qxe3 Qxa4 41. Qxe4 Qb3 42. h3 a5 43. Kh2 a4 44. f5 a3 45. Qh4+ Kg7 46.
Re7+ Kf8 47. Qf6+ Kg8 48. Qg7# 1-0

[Event "*** Titled Tuesday Blitz"]
[Site "Chess.com"]
[Date "2020.11.03"]
[Round "11"]
[White "tk22h"]
[Black "tan275"]
[Result "0-1"]
[WhiteElo "2338"]
[BlackElo "2197"]
[TimeControl "180+1"]
[EndTime "12:11:01 PST"]
[Termination "tan275 won by resignation"]

1. c4 e6 2. Nf3 d5 3. d4 Nf6 4.
Nc3 Be7 5. Bg5 h6 6. Bxf6 Bxf6 7. e3 O-O 8. Rc1 c6 9. Bd3 Nd7 10. O-O dxc4 11. Bxc4 b5 12. Bb3 Bb7 13. e4 Nb6 14. e5 Be7 15. Ne4 a5 16. a3 a4 17. Ba2 Nd7 18. Qe2 Qb6 19. Rfd1 Rfd8 20. h4 Rac8 21. h5 c5 22. d5 exd5 23. Bxd5 Nxe5 24. Bxb7 Nxf3+ 25.
Qxf3 Rxd1+ 26. Rxd1 Rc7 27. Bd5 Bf8 28. Ng3 b4 29.
Nf5 bxa3 30. bxa3 c4 31. Qe4 c3 32. Rb1 Qxb1+ 33. Qxb1 c2 34. Qc1 Bxa3 35. Qxa3 c1=Q+ 36. Qxc1 Rxc1+ 37. Kh2 Rc5 38. Ne3 a3 39. Bb3 Rxh5+ 40. Kg3 Rb5 41. Bc4 Rb2 42. Kf3 a2 43. Bxa2 Rxa2 44. g4 g6 45. Kf4 Kg7 46. f3 g5+ 47.
Ke4 Kg6 48. Nf5 Ra4+ 49. Ke3 Ra5 50. Ng3 Re5+ 51. Kf2 Ra5 52. Ke3 f6 53. Kf2 Ra3 54.
Ne4 f5 55. gxf5+ Kxf5 56. Nd6+ Kf4 0-1

[Event "*** Titled Tuesday Blitz"]
[Site "Chess.com"]
[Date "2020.11.03"]
[Round "11"]
[White "Shuvalov"]
[Black "ChelsieMonica"]
[Result "0-1"]
[WhiteElo "2404"]
[BlackElo "2324"]
[TimeControl "180+1"]
[EndTime "12:11:02 PST"]
[Termination "ChelsieMonica won on time"]

1. b4 a5 2. b5 a4 3. c4 d5 4. cxd5 Nf6 5. d4 Nxd5 6. e4 Nb6 7. Be3 e6 8. Nf3 Be7 9. Bd3 a3 10. Nbd2 N8d7 11. Rc1 Na4 12. Bb1 Ndb6 13. Qc2 Bd7 14. Qb3 Ra5 15. Bd3 Nb2 16. Be2 Ra4 17. Ne5 O-O 18.
h4 Rb4 19. Qc2 Bxb5 20. Qxc7 Qxc7 21. Rxc7 Rc8 22. Rxc8+ Nxc8 23. Bxb5 Rxb5 24. Ke2 f6 25. Nd3 Nd6 26. Nc5 Kf7 27. Rc1 b6 28. Ncb3 e5 29. d5 Na4 30. Rc6 Rb4 31. f3 Nb5 32. Kd3 Nb2+ 33.
Kc2 Na4 34. Nb1 f5 35. Bd2 Nd4+ 36. Kd1 Rxb3 37. Nxa3 Rxa3 38. Rc7 Nb5 39. Rb7 Rxa2 40. Bg5 Nac3+ 41. Kc1 Ne2+ 42. Kd1 Nec3+ 43. Ke1 fxe4 44. Rxe7+ Kf8 45. Rxe5 exf3 46. gxf3 h6 47. Bd2 Ra1+ 48. Kf2 Nd1+ 49. Kg3 Nb2 50. Re6 Nd4 0-1

[Event "*** Titled Tuesday Blitz"]
[Site "Chess.com"]
[Date "2020.11.03"]
[Round "11"]
[White "keepitcoming"]
[Black "HouseOfDurin"]
[Result "1/2-1/2"]
[WhiteElo "2489"]
[BlackElo "2201"]
[TimeControl "180+1"]
[EndTime "12:11:03 PST"]
[Termination "Game drawn by repetition"]

1. d4 Nf6 2. c4 c5 3. d5 b5 4.
cxb5 a6 5. e4 Nxe4 6. Nc3 Nxc3 7. bxc3 axb5 8. Bxb5 Qa5 9. Qd3 Ba6 10. Bxa6 Qxa6 11.
c4 g6 12. Bb2 f6 13. Nf3 Bg7 14.
O-O O-O 15. Rfe1 e5 16. dxe6 dxe6 17. Qe3 Qxc4 18. Rec1 Qd5 19. Rxc5 Qd7 20. Rac1 Na6 21. Rc6 e5 22. Qe4 Kh8 23. Ba3 Rfc8 24. Qc4 Rxc6 25.
Qxc6 Qxc6 26. Rxc6 e4 27. Nd4 f5 28. Ne6 Be5 29. g3 Kg8 30. Bc1 Kf7 31. Ng5+ Kg7 32.
Ne6+ Kf7 33. Ng5+ Kg7 34. Re6 Bf6 35. Be3 Bxg5 36. Bxg5 h6 37. Re7+ Kf8 38. Bf6 Re8 39. Ra7 Nc5 40. Bg7+ Kg8 41. Bxh6 Nd3 42. a4 Rc8 43.
Kg2 Ne5 44. Bf4 Nf3 45. Rc7 Rd8 46. h3 Rd1 47. h4 Rg1+ 48. Kh3 Rh1+ 49. Kg2 Rg1+ 50.
Kh3 Rh1+ 51. Kg2 Rg1+ 1/2-1/2

[Event "*** Titled Tuesday Blitz"]
[Site "Chess.com"]
[Date "2020.11.03"]
[Round "11"]
[White "Fandorine"]
[Black "ChessWarrior7197"]
[Result "1/2-1/2"]
[WhiteElo "2836"]
[BlackElo "2991"]
[TimeControl "180+1"]
[EndTime "12:11:05 PST"]
[Termination "Game drawn - insufficient material"]

1. e4 c6 2. Nc3 d5 3. Qf3 e6 4. d4 dxe4 5. Qxe4 Nf6 6. Qd3 c5 7. dxc5 Qxd3 8. Bxd3 Bxc5 9. Nf3 Nc6 10. a3 O-O 11.
Ne4 Be7 12. Bd2 b6 13. O-O-O Bb7 14. Rhe1 Rfd8 15. Nxf6+ Bxf6 16. Be4 Kf8 17. h4 g6 18. g4 Ke7 19. g5 Bg7 20. Bf4 Rxd1+ 21. Rxd1 Rd8 22.
c3 Na5 23. Bxb7 Nxb7 24. Rxd8 Kxd8 25. Kc2 f6 26. b4 Kd7 27. a4 Nd6 28. gxf6 Bxf6 29. Kd3 Nf5 30. Bg5 Bg7 31. Bf4 h6 32.
c4 Bf6 33. b5 Nxh4 34. Ne5+ Bxe5 35. Bxe5 h5 36. c5 bxc5 37. Bb8 Nf3 38. Ke3 Nd4 39.
Bxa7 Kd6 40. b6 Kc6 41. b7 Nf5+ 42. Kf4 Kxb7 43. Bxc5 h4 44. Kg4 Ka6 45. Bb4 e5 46. Bc3 e4 47. Bd2 Kb6 48. Bg5 Ka5 49. Bxh4 Kxa4 50.
Bd8 e3 51. fxe3 Nxe3+ 52. Kg5 Kb5 53. Kxg6 1/2-1/2

[Event "*** Titled Tuesday Blitz"]
[Site "Chess.com"]
[Date "2020.11.03"]
[Round "11"]
[White "Rakesh"]
[Black "AldokhinIvan"]
[Result "0-1"]
[WhiteElo "2489"]
[BlackElo "2613"]
[TimeControl "180+1"]
[EndTime "12:11:06 PST"]
[Termination "AldokhinIvan won on time"]

1. e4 c5 2. c3 d5 3. exd5 Qxd5 4. d4 cxd4 5. cxd4 Nf6 6. Nc3 Qd6 7. Nf3 e6 8. Bd3 Be7 9. Be3 O-O 10. O-O Rd8 11. Qe2 Nc6 12. a3 a6 13. Rad1 b5 14. Bb1 Bb7 15. Ba2 b4 16. axb4 Nxb4 17. Bb1 Nbd5 18. Ne5 Rac8 19. Ne4 Nxe4 20. Bxe4 Nc3 21. Bxh7+ Kxh7 22. Qh5+ Kg8 23. Qxf7+ Kh7 24. Qh5+ Kg8 25. Qf7+ Kh7 26. bxc3 Rf8 27. Qh5+ Kg8 28. Ng6 Rf5 29. Qh3 Bf6 30. Bf4 Rxf4 31. Nxf4 Qxf4 32. Qxe6+ Kh7 33. d5 Rxc3 34. Rb1 Bc8 35. Qe8 Bg4 36. Rb8 Be5 37.
Qh8+ Kg6 38. Rb6+ Bf6 39. Qe8+ Kh7 40. Re1 Rc2 41. Rf1 Rxf2 42. Rxf2 Qc1+ 43. Rf1 Bd4+ 0-1

[Event "*** Titled Tuesday Blitz"]
[Site "Chess.com"]
[Date "2020.11.03"]
[Round "11"]
[White "Alindsay211"]
[Black "BJthechessgod"]
[Result "0-1"]
[WhiteElo "2442"]
[BlackElo "2331"]
[TimeControl "180+1"]
[EndTime "12:11:07 PST"]
[Termination "BJthechessgod won by resignation"]

1. c4 Nf6 2. Nc3 e6 3. d4 Bb4 4. e3 O-O 5. Ne2 d5 6. cxd5 Nxd5 7. g3 b6 8. Bg2 Bb7 9. e4 Nxc3 10. bxc3 Be7 11. O-O c5 12. Be3 cxd4 13. cxd4 Nd7 14. Qd2 Nf6 15. Nc3 Bb4 16. e5 Nd5 17. Bxd5 Bxd5 18.
Qd3 Bxc3 19. Qxc3 Rc8 20. Qd2 Bf3 21. Bf4 Qd5 22. Rac1 Bh1 23. f3 Bxf3 24. Qe3 Be4 25. Rce1 Bg2 26. Rf2 Bh3 27. Qf3 Qxf3 28. Rxf3 Rc2 29.
Rf2 Rxf2 30. Kxf2 Rc8 31. Re2 Bf5 32. Rb2 h6 33. Be3 g5 34. Kf3 Kg7 35. g4 Bd3 36. h3 Bc4 37. Kf2 Bd5 38. Kg3 Rc3 39. Kf2 Ra3 40. Re2 Rxa2 41. Rxa2 Bxa2 42. Ke2 Bc4+ 43.
Kd2 a5 44. Bf2 b5 45. h4 b4 46. hxg5 hxg5 47. Kc2 a4 48. Kb2 a3+ 49. Kb1 b3 50. Be1 b2 51. Bc3 Bd3+ 52. Ka2 b1=Q+ 53. Kxa3 Bc4 0-1

[Event "*** Titled Tuesday Blitz"]
[Site "Chess.com"]
[Date "2020.11.03"]
[Round "11"]
[White "Aygehovit1992"]
[Black "RD4ever"]
[Result "1-0"]
[WhiteElo "2670"]
[BlackElo "2822"]
[TimeControl "180+1"]
[EndTime "12:11:08 PST"]
[Termination "Aygehovit1992 won on time"]

1. e4 e6 2. d4 d5 3. Nc3 Nf6 4. e5 Nfd7 5. f4 c5 6. Nf3 Nc6 7. Be3 cxd4 8. Nxd4 Bc5 9. Qd2 O-O 10.
O-O-O a6 11. h4 Nxd4 12. Bxd4 b5 13. h5 b4 14. Ne2 a5 15. h6 g6 16. g4 Ba6 17. f5 Bxe2 18. Bxe2 Bxd4 19. Qxd4 Qc7 20. Bb5 Rac8 21. Rd2 Nc5 22. Kb1 Qb6 23. Bd3 a4 24. Rf1 a3 25. Rdf2 Na4 26. Qxb6 Nxb6 27. bxa3 bxa3 28.
fxe6 fxe6 29. Rf6 Rb8 30. Kc1 Rxf6 31. Rxf6 Re8 32. Bb5 Re7 33. Kd2 Na8 34. Kc3 Nc7 35.
Bc6 Rf7 36. Rxf7 Kxf7 37. Kd4 g5 38. c4 dxc4 39. Kxc4 Kg6 40. Kc5 Kxh6 41. Kd6 Na6 42. Kxe6 Nb4 43. Bd5 Nxd5 44. Kxd5 Kg6 45. Kd6 h5 46.
gxh5+ 1-0

[Event "*** Titled Tuesday Blitz"]
[Site "Chess.com"]
[Date "2020.11.03"]
[Round "11"]
[White "ehrenfeld"]
[Black "davidkalashian"]
[Result "0-1"]
[WhiteElo "2491"]
[BlackElo "2615"]
[TimeControl "180+1"]
[EndTime "12:11:09 PST"]
[Termination "davidkalashian won on time"]

1. e4 c6 2. d4 g6 3. Nf3 Bg7 4. c3 d6 5. Bd3 Nf6 6. O-O O-O 7. Re1 Nbd7 8. Nbd2 e5 9. dxe5 dxe5 10. Bf1 Qc7 11.
Qc2 Rd8 12. a4 Nc5 13. b4 Ne6 14. Nc4 Nh5 15. a5 Nef4 16. h3 Qe7 17. Be3 Qf6 18.
Ncxe5 Re8 19. Ng4 Nxh3+ 20. gxh3 Bxg4 21. hxg4 Qxf3 22. gxh5 Rxe4 23. Bh3 Rae8 24. Bd2 Rxe1+ 25. Rxe1 Rxe1+ 26. Bxe1 Qxh3 27. hxg6 hxg6 28. Qe2 Qe6 29. Qxe6 fxe6 30. Kg2 Kf7 31. Kf3 a6 32. Ke4 Ke7 33. c4 Kd6 34. Bd2 Bf6 35. Be1 Kd7 36. f3 Kd6 37. Bg3+ Kd7 38. Be1 Bg7 39. Bd2 Kd6 40.
Be1 c5 41. b5 Bd4 42. Bg3+ Kd7 43. Be1 Ke7 44. Bd2 Kf6 45. Kf4 Kf7 46. Kg4 Ke7 47. Kg5 Kf7 48. Kh6 Bf6 0-1

[Event "*** Titled Tuesday Blitz"]
[Site "Chess.com"]
[Date "2020.11.03"]
[Round "11"]
[White "guillembaches"]
[Black "vova-79"]
[Result "0-1"]
[WhiteElo "2378"]
[BlackElo "2499"]
[TimeControl "180+1"]
[EndTime "12:11:09 PST"]
[Termination "vova-79 won by checkmate"]

1. e4 e6 2. Nf3 d5 3. exd5 exd5 4.
d4 Bd6 5. c4 dxc4 6. Bxc4 Nf6 7. Nc3 O-O 8. O-O Nc6 9. h3 h6 10. Qd3 Na5 11. Bb5 a6 12. Ba4 Be6 13. Re1 b5 14.
Bc2 Re8 15. d5 Bd7 16. Ne4 Nxe4 17. Rxe4 f5 18. Rxe8+ Qxe8 19. b3 Nb7 20. Bb2 Nc5 21. Qd4 Qf8 22. Re1 a5 23. Ne5 Re8 24. f4 Bc8 25. Re3 Ne4 26. Bxe4 fxe4 27. Qxe4 Bf5 28. Qf3 Bc5 29. Kh2 Bxe3 30. Qxe3 Qd6 31. Qg3 Re7 32. Qf3 b4 33. g4 Bb1 34. h4 Bxa2 35. g5 a4 36. Qe3 Bxb3 37. Qa7 Re8 38. Qd4 Qxd5 39. Qxb4 c5 40. Qc3 Qd4 41. Qc1 Qe4 42. gxh6 Rd8 43. Ng4 Bd5 44. Nf6+ gxf6 45. Qg1+ Kf7 46. Qg7+ Ke8 47. h7 Qh1+ 48. Kg3 Qg2# 0-1

[Event "*** Titled Tuesday Blitz"]
[Site "Chess.com"]
[Date "2020.11.03"]
[Round "11"]
[White "ChronicUnhappiness"]
[Black "TokChess"]
[Result "1-0"]
[WhiteElo "2378"]
[BlackElo "2451"]
[TimeControl "180+1"]
[EndTime "12:11:10 PST"]
[Termination "ChronicUnhappiness won on time"]

1. c4 c6 2. d4 Nf6 3. Nf3 d5 4. e3 Bg4 5. Nc3 e6 6. h3 Bxf3 7. Qxf3 Nbd7 8. cxd5 exd5 9. Bd3 Bd6 10. O-O O-O 11. Bd2 Re8 12. Rfe1 Qe7 13. e4 dxe4 14.
Nxe4 Nxe4 15. Rxe4 Qf6 16. Qe2 Rxe4 17. Qxe4 Nf8 18.
Re1 Rd8 19. Bc3 Qg5 20. Bc4 Rd7 21. Qe8 Re7 22. Rxe7 Qxe7 23. Qxe7 Bxe7 24. d5 c5 25. Be5 Nd7 26. Bc7 Bf6 27. Bb5 Be5 28. Bxe5 Nxe5 29. f4 Ng6 30. g3 Kf8 31. d6 f6 32. Kf2 Kf7 33. Bc4+ Ke8 34. Be6 Kd8 35. Ke3 Nf8 36. Bd5 Kd7 37. Bxb7 Kxd6 38. Be4 g6 39. h4 f5 40. Bd3 Ne6 41. Bc4 Nd4 42. b4 Nc6 43. b5 Ne7 44. a4 Kc7 45. a5 Kd6 46. Bf7 Kc7 47. Kd3 Kd6 48. Kc4 Nc8 49. Bg8 Ne7 50.
Bxh7 1-0

[Event "*** Titled Tuesday Blitz"]
[Site "Chess.com"]
[Date "2020.11.03"]
[Round "11"]
[White "Mikasinski"]
[Black "Agoking701"]
[Result "0-1"]
[WhiteElo "2440"]
[BlackElo "2373"]
[TimeControl "180+1"]
[EndTime "12:11:10 PST"]
[Termination "Agoking701 won by resignation"]

1. e4 c6 2. d4 d5 3. e5 c5 4. dxc5 Nc6 5. Bb5 Bf5 6. Nc3 e6 7. h4 Qc7 8. Bxc6+ bxc6 9. g4 Qxe5+ 10. Kf1 Be4 11. f3 Nf6 12. g5 Nh5 13. fxe4 Ng3+ 14.
Kg2 Nxh1 15. Nf3 Qg3+ 16. Kxh1 Qh3+ 17. Nh2 Bxc5 18. Qg4 Qxg4 19. Nxg4 Rb8 20. a3 Ke7 21. Na4 Bb6 22. Bf4 Rb7 23. Be5 Rg8 24. exd5 cxd5 25. Nxb6 Rxb6 26. Bd4 Rc6 27. c3 a6 28. b4 Rc4 29.
Ne5 Rc7 30. Nd3 f6 31. Rg1 Rcc8 32. gxf6+ gxf6 33. Rxg8 Rxg8 34. Nc5 e5 35. Bf2 Ra8 36. Kg2 f5 37. Kf3 Kf6 38. Nd7+ Ke6 39. Nb6 Rd8 40. a4 f4 41. b5 axb5 42. a5 Kf5 43. a6 e4+ 44.
Ke2 b4 45. cxb4 d4 46. a7 d3+ 47. Kd1 e3 48. a8=Q Rxa8 49. Nxa8 exf2 50. Kd2 f1=Q 0-1

[Event "*** Titled Tuesday Blitz"]
[Site "Chess.com"]
[Date "2020.11.03"]
[Round "11"]
[White "Kolle05"]
[Black "MarkoPe"]
[Result "1-0"]
[WhiteElo "2356"]
[BlackElo "2236"]
[TimeControl "180+1"]
[EndTime "12:11:10 PST"]
[Termination "Kolle05 won by checkmate"]

1. e4 c5 2. Nf3 d6 3. Bb5+ Nd7 4. O-O a6 5. Bd3 Ngf6 6. Re1 e5 7. c3 Be7 8. a4 O-O 9. Bc2 b6 10. d4 Qc7 11.
Nbd2 Rb8 12. Nf1 b5 13. d5 c4 14. Ng3 g6 15. h3 Nc5 16. Nh2 Re8 17. f4 Bf8 18.
Nf3 Nfd7 19. f5 Bg7 20. Rf1 Bf6 21. Ng5 Qd8 22. Qg4 Nf8 23. h4 h6 24. Nf3 Kg7 25. Nh5+ Kh7 26. fxg6+ Nxg6 27. Nxf6+ Qxf6 28. Qg3 Nf4 29. Qf2 Rg8 30. Bxf4 Qxf4 31. Nh2 Qxf2+ 32. Rxf2 Rb7 33.
axb5 axb5 34. Raf1 f5 35. exf5 Rf7 36. f6+ Kh8 37.
Nf3 Rgf8 38. Nd2 Bg4 39. Bg6 Ra7 40. Ne4 Nxe4 41. Bxe4 h5 42. Bg6 Ra2 43. f7 b4 44.
Rf6 Kg7 45. Be4 bxc3 46. Rg6+ Kh8 47. Rff6 cxb2 48. Rh6+ Kg7 49. Rhg6+ Kh7 50. Rg5+ Kh8 51. Rh6# 1-0

[Event "*** Titled Tuesday Blitz"]
[Site "Chess.com"]
[Date "2020.11.03"]
[Round "11"]
[White "GMTalks_Youtube"]
[Black "Supernotar"]
[Result "0-1"]
[WhiteElo "2603"]
[BlackElo "2839"]
[TimeControl "180+1"]
[EndTime "12:11:11 PST"]
[Termination "Supernotar won on time"]

1. e4 c6 2. d4 d5 3. exd5 cxd5 4. Bd3 Nc6 5. c3 Qc7 6. Ne2 Bg4 7. O-O Bh5 8. Qe1 e6 9. Bf4 Bd6 10. Bxd6 Qxd6 11. Nd2 Nf6 12. Ng3 Bg6 13. Qe2 O-O 14. Bxg6 hxg6 15. Nf3 Rab8 16. a4 a6 17. Ne5 b5 18.
axb5 axb5 19. Ra6 Rfc8 20. b4 Nd7 21. Nd3 Nb6 22. Nc5 Nc4 23. Rfa1 Qe7 24. Qf3 Rc7 25. Ne2 Ra7 26. Rxa7 Nxa7 27. Nf4 Nc6 28. Qe2 Qd6 29.
Nfd3 Qe7 30. g3 Qe8 31. Qa2 Ne7 32. Ne5 Nf5 33. Ned7 Rd8 34. Qa7 e5 35. Re1 e4 36.
Qb7 Qe7 37. Qxd5 Nb6 38. Nxb6 Rxd5 39. Nxd5 Qd6 40. Nf4 Nh4 41. gxh4 Qxf4 42. Nxe4 Qxh4 43. Re3 g5 44. Ng3 Qf4 45. Kg2 g4 46. Re4 Qf3+ 47.
Kg1 Qxc3 48. Rxg4 Qxb4 49. h3 Qe1+ 50. Kg2 b4 51. d5 b3 52. Nf5 b2 0-1

[Event "*** Titled Tuesday Blitz"]
[Site "Chess.com"]
[Date "2020.11.03"]
[Round "11"]
[White "Smile2005"]
[Black "Zkid"]
[Result "1/2-1/2"]
[WhiteElo "2346"]
[BlackElo "2759"]
[TimeControl "180+1"]
[EndTime "12:11:12 PST"]
[Termination "Game drawn by stalemate"]

1. Nf3 d5 2. g3 c6 3. Bg2 Bg4 4. O-O Nd7 5. d4 Ngf6 6. c4 e6 7. Nc3 Be7 8. h3 Bh5 9. Nd2 O-O 10. Qb3 Qb6 11. c5 Qxb3 12. axb3 b6 13. cxb6 axb6 14. Rxa8 Rxa8 15. e4 Bg6 16. f4 dxe4 17. Ndxe4 Nd5 18. Bd2 N7f6 19. Nxf6+ Bxf6 20. Ne2 Ra2 21. Bxd5 Rxb2 22. Bxc6 Rxd2 23. Bb5 Be4 24. Rc1 h5 25. Kf2 Rb2 26.
Ke3 Bf5 27. Rc8+ Kh7 28. Bd3 Bxd3 29. Kxd3 Rxb3+ 30. Rc3 Rb1 31. Rc7 Kg6 32. g4 hxg4 33. hxg4 Bh4 34. Kc2 Rf1 35. Kd3 Rf3+ 36. Ke4 Ra3 37.
f5+ Kf6 38. Nf4 g6 39. fxe6 fxe6 40. Rc6 Kf7 41. Rxb6 Bg5 42. Nxe6 Be7 43. Nf4 g5 44. Nd5 Bd8 45. Rb7+ Ke6 46. Rg7 Rg3 47. Rg6+ Kf7 48.
Rd6 Rxg4+ 49. Kf5 Rxd4 50. Rxd8 Rd1 51. Rd7+ Kf8 52. Kxg5 Rf1 53. Nf6 Rf5+ 54. Kg6 Rg5+ 55. Kh6 Rg6+ 56. Kxg6 1/2-1/2

[Event "*** Titled Tuesday Blitz"]
[Site "Chess.com"]
[Date "2020.11.03"]
[Round "11"]
[White "ural58"]
[Black "NiranjanNavalgund"]
[Result "0-1"]
[WhiteElo "2353"]
[BlackElo "2442"]
[TimeControl "180+1"]
[EndTime "12:11:14 PST"]
[Termination "NiranjanNavalgund won by resignation"]

1. e4 e5 2. f4 d5 3. exd5 exf4 4. Nf3 Nf6 5. Bb5+ Bd7 6. Bxd7+ Qxd7 7. O-O Bd6 8. Re1+ Kf8 9. c4 c6 10. d4 cxd5 11.
c5 Bc7 12. Nc3 Nc6 13. Ne5 Qf5 14. Nb5 Bxe5 15. dxe5 Nxe5 16. Nd6 Qg4 17. Qxg4 Nexg4 18. Bxf4 g5 19. Bxg5 Rg8 20. Bxf6 Nxf6 21. Nxb7 Ne4 22. Rad1 Rg5 23. c6 Rc8 24. Rc1 Ke7 25. b4 a6 26.
a4 f5 27. b5 axb5 28. axb5 Rg6 29. Rcd1 Rcg8 30. g3 f4 31. Rxd5 Re6 32. Rd7+ Kf6 33.
Rxh7 f3 34. Rh6+ Kf5 35. Rh5+ Kg6 36. Rxe4 Rxe4 37. Rh4 Rxh4 38. gxh4 Kf5+ 39. Kf2 Kf4 40. Nd6 Rg2+ 41. Kf1 Rc2 42. h5 f2 43. Nc4 Rxc4 44. Kxf2 Rc2+ 45. Ke1 Ke3 46. Kd1 Rc5 47. h6 Rxb5 48.
h7 Rb8 49. c7 Rh8 50. Kc2 Kd4 51. Kb3 Kc5 52. Kc3 Kc6 53. Kd4 Kxc7 54. Ke5 Rxh7 0-1

[Event "*** Titled Tuesday Blitz"]
[Site "Chess.com"]
[Date "2020.11.03"]
[Round "11"]
[White "PavelShkapenko"]
[Black "Ajedrez_con_German"]
[Result "1-0"]
[WhiteElo "2635"]
[BlackElo "2473"]
[TimeControl "180+1"]
[EndTime "12:11:18 PST"]
[Termination "PavelShkapenko won on time"]

1. e4 e5 2. Nf3 Nf6 3. Nxe5 d6 4.
Nf3 Nxe4 5. d3 Nf6 6. d4 d5 7. c4 Be7 8. Nc3 O-O 9. cxd5 Nxd5 10.
Bc4 c6 11. O-O Be6 12. Bd3 Nd7 13. Re1 N7f6 14. Bd2 Re8 15. Ng5 Bd7 16. Qb3 h5 17. Nxd5 cxd5 18. Bf4 Qb6 19. Qc2 Rac8 20. Bh7+ Kf8 21.
Qd3 Qxb2 22. Bd2 Bd6 23. Reb1 Qa3 24. Rb3 Qa6 25. Qf3 Qe2 26. Qxe2 Rxe2 27. Be3 b6 28. Bd3 Rxe3 29. fxe3 Ng4 30. h3 Nxe3 31. Ba6 Re8 32. Re1 Nf5 33. Rxe8+ Bxe8 34. Nf3 g6 35. Bd3 Ne3 36.
Bxg6 Nc4 37. Bd3 b5 38. Bc2 a5 39. Nh4 a4 40. Rf3 Bd7 41. Nf5 Bxf5 42. Bxf5 b4 43. Bd7 a3 44. Kf2 Nd2 45. Rd3 b3 46. Rxd2 b2 47.
Rd1 Bf4 48. Bf5 Bc1 49. Bb1 Ke7 50. Ke2 Kd6 51. Kd3 Bf4 52. Kc2 Bc1 53. Kb3 1-0

[Event "*** Titled Tuesday Blitz"]
[Site "Chess.com"]
[Date "2020.11.03"]
[Round "11"]
[White "Region_07"]
[Black "Sofiia_Hryzlova"]
[Result "1-0"]
[WhiteElo "2458"]
[BlackElo "2319"]
[TimeControl "180+1"]
[EndTime "12:11:18 PST"]
[Termination "Region_07 won by checkmate"]

1. d4 Nf6 2. Bg5 d6 3. Nc3 e6 4. e4 h6 5. Be3 b6 6. g3 Bb7 7.
Bg2 Nbd7 8. Nge2 g6 9. O-O Bg7 10. h3 O-O 11. e5 Nd5 12. Nxd5 Bxd5 13. Bxd5 exd5 14. f4 dxe5 15. fxe5 Qe7 16. Qd2 Kh7 17. Nf4 c6 18. Rae1 Rae8 19. Qd3 f5 20. h4 h5 21. e6 Nf6 22. Nxg6 Qxe6 23. Nxf8+ Rxf8 24. Qxf5+ Qxf5 25. Rxf5 Kg6 26. Ref1 Re8 27. Rg5+ Kh7 28. Bf4 Re2 29. Rxg7+ Kxg7 30. Be5 Rxe5 31. dxe5 Ne8 32. Rf5 Kg6 33. Rf8 Nc7 34. Rc8 Ne6 35. Rxc6 Kf5 36. Rc8 Kxe5 37. Rh8 Nd4 38. Rxh5+ Ke4 39. c3 Nf3+ 40. Kf2 Nd2 41. Rh8 Nc4 42. b3 Nd6 43.
Rf8 Kd3 44. Rf3+ Kc2 45. h5 Ne4+ 46. Ke2 Kb2 47. h6 Ng5 48. Rf5 Nh7 49. Rf7 Ng5 50.
Rg7 Kxa2 51. Rxg5 Kxb3 52. h7 a5 53. h8=Q a4 54. Rxd5 a3 55. c4 a2 56. Qa1 Ka3 57. Rb5 Ka4 58. Qxa2# 1-0

[Event "*** Titled Tuesday Blitz"]
[Site "Chess.com"]
[Date "2020.11.03"]
[Round "11"]
[White "Oleksandr_Bortnyk"]
[Black "almo64"]
[Result "1-0"]
[WhiteElo "2912"]
[BlackElo "2693"]
[TimeControl "180+1"]
[EndTime "12:11:20 PST"]
[Termination "Oleksandr_Bortnyk won on time"]

1. e4 c5 2. c3 d5 3. exd5 Qxd5 4. d4 Nf6 5. Nf3 Bg4 6. Be2 e6 7. Be3 cxd4 8. cxd4 Nc6 9. Nc3 Qd6 10. h3 Bh5 11.
O-O Be7 12. a3 O-O 13. Qb3 Rab8 14. Rfd1 Nd5 15. Ne4 Qc7 16. Rac1 Rfd8 17. Rd2 Bg6 18. Nc5 Nxe3 19. Qxe3 Bf6 20. Ne4 Bxe4 21. Qxe4 Qb6 22.
Rcd1 Ne7 23. Bc4 Rbc8 24. Ba2 Nd5 25. g4 g6 26. h4 Qc7 27. h5 Bg7 28. g5 Ne7 29. Bxe6 fxe6 30. Qxe6+ Kf8 31. h6 Bh8 32. Ne5 Bxe5 33. dxe5 Rxd2 34. Qf6+ Ke8 35. Qh8+ Kf7 36. e6+ Kxe6 37. Qf6+ Kd7 38. Rxd2+ Ke8 39. Qh8+ Kf7 40.
Qxh7+ Ke6 41. Re2+ Kd6 42. Qf7 Qc1+ 43. Kh2 Nc6 44.
Qf6+ Kc7 45. h7 Qd1 46. Qg7+ Kb6 47. Re3 Qd6+ 48. Kg1 Qd1+ 49. Kh2 Qd6+ 50. Rg3 Rf8 51. Kg1 Qd1+ 52. Kg2 Qd5+ 53. f3 Qd2+ 54. Kh3 Qd8 55. Rg4 1-0

[Event "*** Titled Tuesday Blitz"]
[Site "Chess.com"]
[Date "2020.11.03"]
[Round "11"]
[White "xberli"]
[Black "PavlovDanila"]
[Result "0-1"]
[WhiteElo "2536"]
[BlackElo "2680"]
[TimeControl "180+1"]
[EndTime "12:11:23 PST"]
[Termination "PavlovDanila won by resignation"]

1. e4 e6 2. d4 d5 3. Nc3 Nf6 4. e5 Nfd7 5. f4 c5 6. Nf3 Nc6 7. Be3 cxd4 8. Nxd4 Bc5 9. Qd2 O-O 10. O-O-O a6 11. Qf2 Nxd4 12. Bxd4 Qe7 13. Bd3 b5 14. Ne2 Bb7 15. Kb1 Rac8 16. h4 Bxd4 17. Nxd4 Nc5 18.
h5 Ne4 19. Qe3 f6 20. h6 g6 21. Nf3 Qb4 22. Bxe4 Qxe4 23. Qxe4 dxe4 24. Nd4 fxe5 25.
Nxe6 Rf6 26. Ng5 Bc6 27. fxe5 Rf5 28. Ne6 Rxe5 29. Nd4 Bd5 30. Ne2 e3 31. b3 Bxg2 32. Rh2 Bf3 33. Rd7 Bxe2 34. Rxe2 Rf8 35. Rg7+ Kh8 36.
Kc1 Rf1+ 37. Kb2 Rf2 38. Rd7 Kg8 39. Re1 Rf7 40. Rd8+ Rf8 41. Rd7 e2 42. Rd2 Rf2 43.
c4 bxc4 44. bxc4 Kf7 45. Kc3 Kf6 46. Kd3 Kg5 47. c5 Rxc5 48. Rdxe2 Rxe2 49. Rxe2 Kxh6 50. Kd4 Ra5 51. Kc4 g5 52. Kb4 Rb5+ 53. Kc4 Rb6 54. a4 g4 55. a5 Rg6 56. Rh2+ Kg7 57. Rb2 h5 58. Rb7+ Kh6 59. Rb6 g3 60. Rb1 g2 0-1

[Event "*** Titled Tuesday Blitz"]
[Site "Chess.com"]
[Date "2020.11.03"]
[Round "11"]
[White "juancruzarias"]
[Black "vanea_03"]
[Result "1-0"]
[WhiteElo "2563"]
[BlackElo "2708"]
[TimeControl "180+1"]
[EndTime "12:11:27 PST"]
[Termination "juancruzarias won by resignation"]

1. e4 e5 2. Nc3 Nf6 3. Nf3 Nc6 4. d4 exd4 5. Nxd4 Bb4 6. Nxc6 bxc6 7. Bd3 O-O 8. O-O Re8 9. Bg5 h6 10. Bh4 g5 11. Bg3 Bxc3 12. bxc3 Nxe4 13. Qh5 d6 14. Qxh6 Bf5 15. Rae1 Re6 16. Qh5 Bg6 17. Qh3 Qf6 18. f4 Nxg3 19. Qxg3 Rxe1 20. Rxe1 gxf4 21. Qg4 Kf8 22.
Bxg6 Qxg6 23. Qxf4 Rb8 24. Qd4 Qg7 25. Qxa7 Re8 26.
Rxe8+ Kxe8 27. Qe3+ Kd7 28. a4 c5 29. h4 Qg6 30.
Qf3 Qxc2 31. Qxf7+ Kc6 32. Qc4 d5 33. Qa6+ Kd7 34.
Qb5+ Kd6 35. Qa6+ Kd7 36. Qf6 Qd1+ 37. Kh2 d4 38. Qf5+ Kd6 39. Qf6+ Kd7 40. a5 d3 41. a6 d2 42. Qf5+ Kd6 43. Qd3+ Kc6 44. a7 Qa4 45. Qxd2 Qxa7 46. Qh6+ Kb5 47. h5 Kc4 48. Qf6 Qa2 49.
h6 Qe2 50. Kh3 Qh5+ 51. Qh4+ Qxh4+ 52. Kxh4 Kxc3 53. h7 c4 54. h8=Q+ Kd2 55. Qb2+ Kd3 56. Qc1 c3 57. g4 1-0